 Dungeon Crawl Stone Soup version 0.29.0-15-g675c0067aa (webtiles) character file.

Game seed: 14766423598498973192

3 qw the Sneak (level 1, -5/14 HPs)
             Began as a Gargoyle Delver on Sept 11, 2022.
             Slain by Natasha (7 damage)
             ... on level 4 of the Dungeon.
             The game lasted 00:00:04 (115 turns).

qw the Sneak (Gargoyle Delver)                       Turns: 115, Time: 00:00:05

Health: -5/14      AC:  5    Str: 15    XL:     1   Next: 50%
Magic:  1/1        EV: 11    Int: 10    God:
Gold:   11         SH:  0    Dex: 11    Spells: 0/0 levels left

rFire   . . .      SeeInvis .   a - +0 hand axe
rCold   . . .      Faith    .   (no shield)
rNeg    + . .      Spirit   .   b - +0 leather armour
rPois   inf        Reflect  .   (no helmet)
rElec   +          Harm     .   (no cloak)
rCorr   .          Rampage  .   (no gloves)
Will    .....                   (no boots)
Stlth   +++.......              (no amulet)
HPRegen 0.04/turn               (no ring)
MPRegen 0.07/turn               (no ring)

@: no status effects
A: sickness immunity, AC +2, negative energy resistance 1, electricity
resistance, torment resistance 1, petrification resistance
a: no special abilities


You were on level 4 of the Dungeon.
You visited 1 branch of the dungeon, and saw 2 of its levels.

You collected 11 gold pieces.


Innate Abilities, Weirdness & Mutations

You are immune to sickness and miasma.
Your stone body is resilient. (AC +2)
You are immune to poison.
You resist negative energy. (rN+)
You are resistant to electric shocks. (rElec)
You are resistant to unholy torment.
You are immune to petrification.


   Skills:
 - Level 3.2 Fighting
 + Level 2.1 Axes
 - Level 1.5 Dodging
 - Level 5.4 Stealth


You couldn't memorise any spells.
You didn't know any spells.
Your spell library was empty.

Inventory:

Hand Weapons
 a - a +0 hand axe (weapon)
Armour
 b - a +0 leather armour (worn)
 c - a +0 chain mail
Wands
 g - a wand of digging (3)
Potions
 f - a potion of haste

Dungeon Overview and Level Annotations

Branches:
Dungeon (5/15)
 Temple: D:4-7

Altars:

Annotations:
D:4 Natasha


Message History

102 ||| Stepping ~*~*~tactically~*~*~ (stealth).
103 ||| Stepping ~*~*~tactically~*~*~ (stealth).
The goblin attacks as you move away! The goblin barely misses you.
You barely miss the goblin.
The goblin is severely wounded.
The goblin barely misses you.
You hit the goblin but do no damage.
The goblin is severely wounded.
The goblin misses you. The goblin closely misses you.
You slash the goblin!
You kill the goblin!
Your Axes skill increases to level 2!
You hit the endoplasm but do no damage. The endoplasm closely misses you.
You hit the endoplasm.
The endoplasm is lightly wounded.
The endoplasm misses you.
You hit the endoplasm.
The endoplasm is severely wounded.
The endoplasm freezes you.
You are frozen.
You hit the endoplasm but do no damage.
The endoplasm is severely wounded.
The endoplasm hits you but does no damage.
The endoplasm hits you.
You slash the endoplasm!
You kill the endoplasm!
Natasha zaps a wand.
The bolt of dispelling energy misses you.
You start resting.
Natasha is nearby!
Found 2 stones.
Natasha closely misses you.
You hit Natasha.
Natasha is heavily wounded.
Natasha claws you!
Ouch! That really hurt!
Natasha claws you!
Ouch! That really hurt!
You die...

.# #.# #.# .#
#.#####.# .#
#.......#### ###.
..
####............
#. #.##.####... .
##.#...###.##
#...........#..
#..#..h#...(...
#..##.#@.#.
.##..##.#.##
.h......#.#
.##..##.#)##..#.
#>............#
....h............
.#.####.#.#.#####
# #.......
###.#.###


You could see Natasha.

Vanquished Creatures
  An endoplasm (D:4)
  A goblin (D:4)
  A ball python (D:4)
3 creatures vanquished.

Notes
Turn   | Place    | Note
-------+----------+-------------------------------------------
     0 | D:5      | qw the Gargoyle Delver began the quest for the Orb.
     0 | D:5      | Reached XP level 1. HP: 14/14 MP: 1/1
     0 | D:5      | 0 ||| qw: Version: 0.1-a-117-gfe26ee0
     0 | D:5      | 0 ||| qw: Game counter: 9971
     0 | D:5      | 0 ||| qw: Always use a shield: true
     0 | D:5      | 0 ||| qw: God list: Okawaru
     0 | D:5      | 0 ||| qw: Allow faded altars: false
     0 | D:5      | 0 ||| qw: Do Orc after D:15 true
     0 | D:5      | 0 ||| qw: Do second Lair branch before Depths: true
     0 | D:5      | 0 ||| qw: Lair rune preference: random
     0 | D:5      | 0 ||| qw: Plans: Normal
     0 | D:5      | 0 ||| PLANNING D:1-11
    18 | D:5      | 18 ||| DROPPING scroll of fog.
    19 | D:5      | 19 ||| DROPPING scroll of magic mapping.
    20 | D:5      | 20 ||| DROPPING scroll of fear.
    27 | D:5      | 27 ||| FLEEEEING.
    28 | D:5      | 28 ||| FLEEEEING.
    29 | D:5      | 29 ||| FLEEEEING.
    30 | D:5      | 30 ||| STAIRDANCE
    99 | D:4      | Noticed Natasha
   100 | D:4      | 100 ||| Stepping ~*~*~tactically~*~*~ (stealth).
   100 | D:4      | Noticed an iguana
   102 | D:4      | 102 ||| Stepping ~*~*~tactically~*~*~ (stealth).
   103 | D:4      | 103 ||| Stepping ~*~*~tactically~*~*~ (stealth).
   115 | D:4      | HP: 2/14 [Natasha (7)]
   115 | D:4      | Slain by Natasha

Levels and vault maps discovered:
D:4:      layout_loops_ring, uniq_natasha
D:5:      gammafunk_wand_slinger, layout_gridville,
          mainiacjoe_overflow_chevrons, gammafunk_ghost_gnarly_gnolls,
          kennysheep_crisscross

Skill      XL: |  1 |
---------------+----+-----
Axes           | 2 |  2.1
Fighting       | |  3.2
Dodging        | |  1.5
Stealth        | |  5.4

Action                   || total
-------------------------++-------
Melee: Hand axe          ||    11
Armor: Leather armour    ||     1
Dodge: Dodged            ||     9

Table legend:
 A = Non-vault XP
 B = Vault XP
 C = Vault XP percentage of total XP
 D = Non-vault monster count
 E = Vault monster count
 F = Vault count percentage of total count
                 A         B        C        D         E       F
            +---------+---------+-------+---------+---------+-------
      Total |       5 |       0 |   0.0 |       3 |       0 |   0.0
            +---------+---------+-------+---------+---------+-------
        D:4 |       5 |       0 |   0.0 |       3 |       0 |   0.0
            +---------+---------+-------+---------+---------+-------
